 Dungeon Crawl Stone Soup version 0.21.1-1-g345015f (webtiles) character file.

77 Fang the Skirmisher (level 4, 0/29 HPs)
             Began as a Gargoyle Berserker on May 24, 2018.
             Was a Believer of Trog.
             Slain by a bat (1 damage)
             ... on level 2 of the Dungeon.
             The game lasted 00:03:18 (1904 turns).

Fang the Skirmisher (Gargoyle Berserker)            Turns: 1904, Time: 00:03:18

Health: 0/29       AC:  5    Str: 22    XL:     4   Next: 33%
Magic:  4/4        EV: 12    Int:  7    God:    Trog [**....]
Gold:   72         SH:  0    Dex:  9    Spells: 3/3 levels left

rFire    . . .     SeeInvis .   a - +0 hand axe
rCold    . . .     Gourm    .   (no shield)
rNeg     + + .     Faith    .   b - +0 animal skin
rPois    ∞         Spirit   .   (no helmet)
rElec    +         Reflect  .   (no cloak)
rCorr    .         Harm     .   (no gloves)
MR       .....                  (no boots)
Stlth    +.........             n - amulet of rage
HPRegen  0.09/turn              o - ring of positive energy
MPRegen  0.09/turn              (no ring)

@: berserk cooldown, slowed, very slow
A: negative energy resistance 1, electricity resistance, unbreathing,
petrification resistance, rot immunity, AC +3
a: Berserk, Trog's Hand, Burn Spellbooks, Renounce Religion, Evoke Berserk Rage


You were on level 2 of the Dungeon.
You worshipped Trog.
Trog was pleased with you.
You were hungry.

You visited 1 branch of the dungeon, and saw 2 of its levels.

You collected 72 gold pieces.

Inventory:

Hand Weapons
 a - a +0 hand axe (weapon)
Armour
 b - a +0 animal skin (worn)
Jewellery
 n - an amulet of rage (around neck)
 o - a ring of positive energy (left hand)
Scrolls
 e - 5 scrolls of identify {unknown}
 f - 2 scrolls of magic mapping {unknown}
 h - a scroll of blinking {unknown}
 i - a scroll of teleportation {unknown}
 l - a scroll of amnesia {unknown}
 m - a scroll of fear {unknown}
 q - a scroll of enchant weapon {unknown}
Potions
 d - a potion of cancellation {unknown}
 g - 2 potions of flight {unknown}
 j - a potion of curing {unknown}
 k - a potion of lignification {unknown}
 p - a potion of berserk rage {unknown}
 r - a potion of brilliance {unknown}
Comestibles
 c - a ration


   Skills:
 + Level 4.2 Fighting
 + Level 3.3 Axes
 + Level 2.2 Armour
 + Level 2.1 Dodging
 + Level 1.2 Stealth


You had 3 spell levels left.
You didn't know any spells.

Dungeon Overview and Level Annotations

Branches:
Dungeon (2/15)

Altars:
Gozag


Innate Abilities, Weirdness & Mutations

You are resistant to torment.
Your stone body is resilient. (AC +3)
You are immune to poison.
You resist negative energy. (rN+)
You are resistant to electric shocks. (rElec)
You can survive without breathing.
You are immune to petrification.
You are immune to rotting.


Message History

The bat barely misses you. The bat closely misses you. The bat hits you.
* * * LOW HITPOINT WARNING * * *
Items here: ) [[ † a trident; an animal skin; a runed helmet; the hobgoblin corpse of Robin The bat barely misses you.
Items here: )) †††† The bat hits you.
* * * LOW HITPOINT WARNING * * *
The bat misses you. The bat closely misses you. The bat misses you.
You see here a goblin corpse.
The bat barely misses you. The bat barely misses you.
You hit the bat.
The bat is severely wounded.
The bat hits you.
* * * LOW HITPOINT WARNING * * *
The bat hits you.
You die...

.. #...##....# ... .
#...##....# ... ..
##.###....# .... ... ...
#)# #....# .... ... ....
#)# #....# .... ...
.....##.###....####+....
...
......)†)......#........
...
#..####b....(..#......##
...
#.....@.......#........
..>
#......#...............
###
#......#.......†.#.....
...#
#......#.........#.....
...#
#.........###.#..#.####
..)#
#.........###.#..#.....
...#
#...........#.#..#.....
...#
#..........##.#........
...#
........##.#..#.....


You could see a bat.

Vanquished Creatures
  Robin (D:2)
  An adder (D:2)
  An ooze (D:2)
  A dart slug (D:1)
  3 leopard geckos
  2 bats (D:2)
  2 giant cockroaches (D:1)
  14 goblins
  3 hobgoblins
  4 jackals (D:2)
  3 frilled lizards
  6 kobolds
  3 rats
44 creatures vanquished.

Notes
Turn   | Place    | Note
-------+----------+-------------------------------------------
     0 | D:1      | Fang the Gargoyle Berserker began the quest for the Orb.
     0 | D:1      | Reached XP level 1. HP: 14/14 MP: 1/1
   588 | D:1      | Reached XP level 2. HP: 19/19 MP: 2/2
  1498 | D:2      | Reached skill level 4 in Fighting
  1498 | D:2      | Reached XP level 3. HP: 16/24 MP: 3/3
  1613 | D:2      | Reached ** piety under Trog
  1771 | D:2      | Found an opulent altar of Gozag.
  1832 | D:2      | Reached skill level 1 in Stealth
  1863 | D:2      | Noticed Robin
  1872 | D:2      | Reached XP level 4. HP: 8/29 MP: 4/4
  1874 | D:2      | HP: 2/43 [Robin/goblin (1)]
  1882 | D:2      | Killed Robin
  1904 | D:2      | HP: 1/29 [bat (1)]
  1904 | D:2      | Slain by a bat

Skill      XL: |  1  2  3 |
---------------+----------+-----
Dodging        | 2 |  2.1
Fighting       | 4 |  4.2
Axes           | 3 |  3.3
Stealth        | 1 |  1.2
Armour         | |  2.2

Action                   |  1- 3 |  4- 6 || total
-------------------------+-------+-------++-------
Melee: Hand axe          |   101 |    11 ||   112
Invok: Berserk           |     1 |       ||     1
 Stab: Sleeping          |     1 |       ||     1
  Eat: Ration            |     1 |       ||     1
Armor: Animal skin       |    45 |     7 ||    52
Dodge: Dodged            |    87 |    18 ||   105
